[Event "Team 45 45 League T25"]
[Site "Free Internet Chess Server"]
[Date "2004.12.30"]
[Round "3"]
[White "ButiOxa"]
[Black "MStav"]
[Result "1-0"]
[WhiteElo "1769"]
[BlackElo "1723"]
[TimeControl "2700+45"]

1. e4 d6 2. d4 Nf6 3. Nc3 e5 4. dxe5 dxe5 5. Qxd8+ Kxd8 6. Bc4 Be6 7. Bxe6 fxe6 8. Bg5 Bd6 9. O-O-O Ke7 10. f3 Nc6 11. Nge2 a6 12. Nb1 b5 13. c3 Rhb8 14. Nd2 Na5 15. b3 h6 16. Bh4 g5 17. Bf2 Nh5 18. g3 Nf6 19. g4 Rf8 20. Be3 Nd7 21. h4 Rg8 22. hxg5 hxg5 23. Rh7+ Ke8 24. Rdh1 Nf8 25. Rh8 Rxh8 26. Rxh8 Be7 27. Rh5 Kf7 28. Bxg5 Bxg5 29. Rxg5 Kf6 30. Rg8 Rd8 31. Kc2 Nc6 32. Nc1 Ne7 33. Rh8 Neg6 34. Rh6 Kg5 35. Rh5+ Kf6 36. Nd3 Rxd3 37. Kxd3 Nf4+ 38. Ke3 Nxh5 39. gxh5 Kg5 40. b4 Kxh5 41. Nb3 Nd7 42. Na5 Kg5 43. c4 c5 44. bxc5 Nxc5 45. Nc6 bxc4 46. Nxe5 c3 47. f4+ Kf6 48. Nd3 Na4 49. Nb4 a5 50. Nc2 e5 51. f5 Nb2 52. Ke2 Kg5 53. Ne3 Na4 54. Nd5 c2 55. Kd2 Nc5 56. Nc3 Nxe4+ 57. Nxe4+ Kxf5 58. Nd6+ Kf4 59. Kxc2 Ke3 60. Nc4+ Kd4 61. Nxa5 e4 62. Nb3+ Kc4 63. Kd2 Kb4 64. Ke3 Ka3 65. Nc1 Kb4 66. Kxe4 Ka3 67. Kd5 Kb4 68. Kc6 Ka3 69. Kb5 Kb2 70. a4   {Black resigns} 1-0

[Event "Team 45 45 League T25"]
[Site "Free Internet Chess Server"]
[Date "PST.01.0"]
[Round "3"]
[White "Gazzer"]
[Black "threeNT"]
[Result "1-0"]
[WhiteElo "1688"]
[BlackElo "1761"]
[TimeControl "2700+45"]

1. e4 e5 2. Nf3 Nc6 3. Bb5 a6 4. Ba4 Nf6 5. O-O Be7 6. Re1 b5 7. Bb3 O-O 8. c3 d6 9. h3 Na5 10. Bc2 c5 11. d4 Qc7 12. Nbd2 Bd7 13. Nf1 Rfe8 14. d5 Nc4 15. Ne3 Nxe3 16. Bxe3 Bc8 17. Qe2 Rb8 18. a4 c4 19. axb5 axb5 20. Ra7 Bb7 21. Rea1 Ra8 22. R1a6 Rxa7 23. Bb6 Rxa6 24. Bxc7 Rea8 25. Nxe5 dxe5 26. Bxe5 Ra1+ 27. Kh2 R8a2 28. Bxf6 Bxf6 29. e5 Bg5 30. Qe4 Rxb2 31. Qxh7+ Kf8 32. Qh8+ Ke7 33. d6+ Ke6 34. Qe8+ Kd5 35. Qxf7+ Kxe5 36. Qxg7+ Bf6 37. Qxb7 Kxd6 38. Qb6+ Ke7 39. Qc5+ Kf7 40. Qd5+ Kg7 41. Qd7+ Kf8 42. Qf5 Kf7 43. g4 Raa2 44. g5 Rxc2 45. Qxf6+ Kg8 46. Kg3 Re2 47. h4 b4 48. cxb4 Ra3+ 49. Kg2 Rae3 50. Qd8+ Kg7 51. Qc7+ Kg6 52. Qxc4 Kh5 53. b5 Re7 54. b6 R2e4 55. Qb3 Rg4+ 56. Kf1 Kxh4 57. b7   {Black resigns} 1-0

[Event "Team 45 45 League T25"]
[Site "Free Internet Chess Server"]
[Date "2004.12.29"]
[Round "3"]
[White "BlkSabb"]
[Black "chesswake"]
[Result "1-0"]
[WhiteElo "1709"]
[BlackElo "1631"]
[TimeControl "2700+45"]

1. d4 d5 2. c4 e6 3. Nc3 Nf6 4. Bf4 c5 5. cxd5 Nxd5 6. Nxd5 Qxd5 7. dxc5 Qxd1+ 8. Rxd1 Bxc5 9. g3 e5 10. Bxe5 Bb4+ 11. Bc3 Bxc3+ 12. bxc3 Be6 13. Bg2 Nc6 14. Rb1 Bc8 15. Nf3 O-O 16. O-O Rb8 17. Nd4 Ne5 18. Rb2 Nc4 19. Rb4 Nb6 20. c4 Rd8 21. e3 Nd7 22. Rfb1 Re8 23. Bxb7 Nb6 24. Bc6 Re5 25. Rb5 Rxb5 26. cxb5 Bb7 27. Bxb7 Rxb7 28. Rc1 g6 29. Rc3 Rd7 30. Nc6 Kf8 31. Ra3 Nc8 32. Rb3 Rb7 33. a4 Ke8 34. Rd3 Rd7 35. Rb3 Rb7 36. Kf1 Kd7 37. Ne5+ Ke6 38. Nc6 Kd7 39. Rd3+ Ke6 40. Nd8+   {Black resigns} 1-0

[Event "Team 45 45 League T25"]
[Site "Free Internet Chess Server"]
[Date "PST.01.0"]
[Round "3"]
[White "Atreus"]
[Black "Struggler"]
[Result "1-0"]
[WhiteElo "1814"]
[BlackElo "1857"]
[TimeControl "2700+45"]

1. e4 e5 2. f4 d5 3. exd5 e4 4. d3 Nf6 5. dxe4 Nxe4 6. Qd3 Bf5 7. Nc3 Qe7 8. Be2 Nd7 9. Bd2 g6 10. Nf3 Bg7 11. Qe3 Nxd2 12. Qxe7+ Kxe7 13. Kxd2 Nb6 14. Bd3 Bxd3 15. Kxd3 Rhd8 16. Rhe1+ Kf8 17. Rad1 Nxd5 18. Nxd5 Rxd5+ 19. Kc4 Rxd1 20. Rxd1 Ke8 21. b4 c6 22. a4 Rc8 23. Re1+ Kf8 24. a5 Rd8 25. Re3 h6 26. Rd3 Rxd3 27. cxd3 Ke7 28. d4 Ke6 29. Ne5 g5 30. f5+ Kxf5 31. Nxf7 g4 32. Nd6+ Kf4 33. Nxb7 Ke3 34. Nd8 Kf2 35. Nxc6 Kxg2 36. Nxa7 Kxh2 37. Nb5 g3 38. Nc3 g2 39. Ne2 h5 40. a6 h4 41. a7 g1=Q 42. Nxg1 Kxg1 43. a8=Q h3 44. Qg8 h2 45. Qxg7+ Kf2 46. Qh6 Kg1 47. Qxh2+   {Black resigns} 1-0

[Event "Team 45 45 League T25"]
[Site "Free Internet Chess Server"]
[Date "2004.12.31"]
[Round "3"]
[White "Pieris"]
[Black "Curveball"]
[Result "1/2-1/2"]
[WhiteElo "1730"]
[BlackElo "1664"]
[TimeControl "2700+45"]

1. e4 d5 2. exd5 Qxd5 3. Nc3 Qa5 4. d4 Nf6 5. Nf3 Bf5 6. Bd2 c6 7. Be2 e6 8. O-O Bd6 9. Ne4 Qd8 10. Nxd6+ Qxd6 11. c3 h6 12. Qb3 b6 13. Ne5 O-O 14. Bf3 Be4 15. Bxe4 Nxe4 16. Be3 Nd7 17. f4 Rac8 18. Qa4 Qc7 19. Rac1 Ndf6 20. g4 c5 21. g5 hxg5 22. fxg5 Nd5 23. Rfe1 Nxe3 24. Rxe3 Nxg5 25. Qd1 cxd4 26. Qxd4 Rcd8 27. Qg4 f6 28. Ng6 Rd2 29. Qh4 Rfd8 30. b4 Rd1+ 31. Rxd1 Rxd1+ 32. Kf2 Rd2+ 33. Kg1 Qd6 34. Qh8+ Kf7 35. Qh5 Rd1+ 36. Kf2 Kg8 37. Qh8+ Kf7 38. Qh5 Rd2+ 39. Re2 Rxe2+ 40. Kxe2 Qc7 41. Kd3 b5 42. Kc2 Ne4 43. Nf4+ Ke7 44. Ng6+ Kd6 45. Qd1+ Kc6 46. Qe2 f5 47. c4 bxc4 48. Qxc4+ Kd6 49. Qxc7+ Kxc7 50. Kd3 Kd6 51. Kd4 Nf6 52. Ne5 Kc7 53. h4 Nd5 54. a3   {Game drawn by mutual agreement} 1/2-1/2

[Event "Team 45 45 League T25"]
[Site "Free Internet Chess Server"]
[Date "PST.01.0"]
[Round "3"]
[White "DesparateDan"]
[Black "Galleta"]
[Result "0-1"]
[WhiteElo "1637"]
[BlackElo "1717"]
[TimeControl "2700+45"]

1. e4 d6 2. d4 Nf6 3. Nc3 g6 4. Nf3 Bg4 5. Be2 Bg7 6. Be3 Nbd7 7. Qd2 h6 8. h3 Bxf3 9. Bxf3 e5 10. d5 Nb6 11. b3 Qd7 12. a4 c6 13. a5 Nc8 14. O-O a6 15. b4 Ne7 16. Na4 Nc8 17. c4 Rb8 18. Rfd1 g5 19. g4 Qc7 20. c5 cxd5 21. cxd6 Nxd6 22. Rac1 Nc4 23. Rxc4 dxc4 24. Bc5 Rd8 25. Qc2 Rxd1+ 26. Qxd1 Qd7 27. Qc2 Qd3 28. Qxd3 cxd3 29. Nb6 Bf8 30. Nc8 Bxc5 31. bxc5 O-O 32. Nd6 Rb8 33. Bd1 Nd7 34. Nf5 Nxc5 35. Nxh6+ Kf8 36. f3 b5 37. axb6 Rxb6 38. Nf5 Rb1   {White resigns} 0-1

[Event "Team 45 45 League T25"]
[Site "Free Internet Chess Server"]
[Date "PST.01.0"]
[Round "3"]
[White "Matias"]
[Black "trener"]
[Result "1/2-1/2"]
[WhiteElo "2046"]
[BlackElo "1905"]
[TimeControl "2700+45"]

1. d4 d5 2. c4 c6 3. Nf3 Nf6 4. Nc3 e6 5. e3 Nbd7 6. Bd3 dxc4 7. Bxc4 b5 8. Bd3 a6 9. e4 Bb7 10. e5 Nd5 11. Nxd5 cxd5 12. O-O Be7 13. Qe2 Qb6 14. Be3 Rc8 15. Nd2 h5 16. Nb3 g6 17. Rac1 b4 18. Rxc8+ Bxc8 19. Rc1 Bb7 20. Qc2 a5 21. Qc7 Bd8 22. Qxb6 Bxb6 23. Bb5 Ke7 24. Nc5 Bxc5 25. Bg5+ f6 26. exf6+ Nxf6 27. dxc5 Rc8 28. Bd7 Kxd7 29. Bxf6 Bc6 30. Bd4 Rf8 31. f3 Rf4 32. Be3 Rc4 33. Rxc4 dxc4 34. Bd4 Ba4 35. Kf2 Kc6 36. Ke3 Kd5 37. Bf6 Kxc5 38. Bd4+ Kb5 39. Kd2 Kc6 40. Bf6 Bb5 41. Bd8 a4 42. Be7 b3 43. a3 Kd5 44. Kc3 Bd7 45. Bf6 e5 46. Kb4 Ke6 47. Bg5 Kd5 48. Bf6 Ke6 49. Bg5 Kd5   {Game drawn by mutual agreement} 1/2-1/2

[Event "Team 45 45 League T25"]
[Site "Free Internet Chess Server"]
[Date "PST.01.0"]
[Round "3"]
[White "lovelace"]
[Black "zota"]
[Result "1-0"]
[WhiteElo "1834"]
[BlackElo "1889"]
[TimeControl "2700+45"]

1. d4 Nf6 2. Nf3 g6 3. Nc3 Bg7 4. e4 d6 5. Be3 O-O 6. Qd2 Nc6 7. h4 e5 8. dxe5 Nxe5 9. Nxe5 dxe5 10. O-O-O Qxd2+ 11. Bxd2 c6 12. f3 Be6 13. Be3 Rfd8 14. Rxd8+ Rxd8 15. Bxa7 Ra8 16. Be3 Bf8 17. a3 b5 18. Nb1 Nh5 19. Bd3 Ng3 20. Re1 Kg7 21. Bf2 Nh5 22. g4 Nf4 23. Bg3 Nxd3+ 24. cxd3 f6 25. g5 b4 26. axb4 Bxb4 27. Nc3 Bb3 28. Kd2 h6 29. gxf6+ Kxf6 30. f4 g5 31. hxg5+ hxg5 32. fxg5+ Kg6 33. Bxe5 Kxg5 34. Rg1+ Kh4 35. Ke3 Rf8 36. Ne2 Bc2 37. Nf4 Ra8 38. Bf6#   {Black checkmated} 1-0

[Event "Team 45 45 League T25"]
[Site "Free Internet Chess Server"]
[Date "PST.01.0"]
[Round "3"]
[White "impe"]
[Black "Thalagor"]
[Result "0-1"]
[WhiteElo "1799"]
[BlackElo "1744"]
[TimeControl "2700+45"]

1. e4 e5 2. Nf3 Nf6 3. Nxe5 d6 4. Nf3 Nxe4 5. d4 d5 6. Bd3 Nc6 7. h3 Bb4+ 8. c3 Bd6 9. O-O O-O 10. c4 Be7 11. cxd5 Qxd5 12. Nc3 Nxc3 13. bxc3 Bf5 14. Bf4 Bxd3 15. Qxd3 Bd6 16. Ng5 f5 17. Bxd6 cxd6 18. Rab1 h6 19. Nf3 Na5 20. Rb5 Qxa2 21. Rxf5 Qc4 22. Qxc4+ Nxc4 23. Rb5 b6 24. Nh4 Rfe8 25. Nf5 a5 26. Rd5 Re6 27. Rb1 a4 28. Ne3 Nxe3 29. fxe3 Rxe3 30. Rxd6 Rxc3 31. Rbxb6 a3 32. Ra6 Rcc8 33. Kf2 a2   {White resigns} 0-1

[Event "Team 45 45 League T25"]
[Site "Free Internet Chess Server"]
[Date "2004.12.30"]
[Round "3"]
[White "Regnmanden"]
[Black "adingod"]
[Result "1-0"]
[WhiteElo "2213"]
[BlackElo "2129"]
[TimeControl "2700+45"]

1. d4 Nf6 2. Bg5 d5 3. Bxf6 exf6 4. e3 c6 5. c4 Bb4+ 6. Nc3 O-O 7. Qb3 Bxc3+ 8. bxc3 dxc4 9. Bxc4 Qe7 10. Ne2 Be6 11. O-O Bxc4 12. Qxc4 Nd7 13. Rfb1 Nb6 14. Qb4 Rfe8 15. a4 Rab8 16. a5 Nd5 17. Qxe7 Nxe7 18. Rb3 Nf5 19. Rab1 Re7 20. c4 Nd6 21. Rb4 Rc7 22. c5 Nb5 23. Kf1 Rd8 24. R4b3 Rcd7 25. Nc3 a6 26. Nxb5 axb5 27. Ke2 Kf8 28. Kd3 f5 29. g3 Ke7 30. Ra1 Ra8 31. Rba3 Ke6 32. a6 bxa6 33. Rxa6 Rxa6 34. Rxa6 Rc7 35. f3 f6 36. Kc3 g5 37. Kb4 h6 38. h3 Kd5 39. Ra8 Rd7 40. Kc3 Re7 41. Kd3 Ke6 42. g4 Rc7 43. e4 fxe4+ 44. fxe4 h5 45. gxh5 Rh7 46. Ra6 Rxh5 47. Rxc6+ Ke7 48. d5 Rxh3+ 49. Kd4 b4 50. Rc7+ Kd8 51. Rb7 b3 52. c6 g4 53. d6   {Black resigns} 1-0

[Event "Team 45 45 League T25"]
[Site "Free Internet Chess Server"]
[Date "2004.12.31"]
[Round "3"]
[White "qire"]
[Black "Ninaber"]
[Result "0-1"]
[WhiteElo "2068"]
[BlackElo "2006"]
[TimeControl "2700+45"]

1. e4 e6 2. d4 d5 3. exd5 exd5 4. Bd3 Nc6 5. c3 Nf6 6. Ne2 Bd6 7. Bg5 O-O 8. Nd2 h6 9. Bh4 Re8 10. Qc2 a5 11. O-O-O a4 12. f3 Bf5 13. g4 Rxe2 14. gxf5 Rxh2 15. Rxh2 Bxh2 16. Rh1 Bf4 17. Kb1 a3 18. b3 Qd6 19. Nf1 Re8 20. Qg2 Qe7 21. Nh2 Qe3 22. Kc2 Nxd4+ 23. cxd4 Qxd4 24. Bxf6 Qxf6 25. Rb1 Qc6+ 26. Kd1 Qc3   {White resigns} 0-1

[Event "Team 45 45 League T25"]
[Site "Free Internet Chess Server"]
[Date "2004.12.30"]
[Round "3"]
[White "TrondTumyr"]
[Black "YOIULI"]
[Result "0-1"]
[WhiteElo "1853"]
[BlackElo "1879"]
[TimeControl "2700+45"]

1. e4 c6 2. d4 d5 3. Nc3 dxe4 4. Nxe4 Nd7 5. Nf3 Ngf6 6. Ng3 g6 7. Bd3 Bg7 8. O-O O-O 9. c3 c5 10. Re1 cxd4 11. Nxd4 Nc5 12. Bc2 Re8 13. Bd2 e5 14. Nb3 b6 15. Nxc5 bxc5 16. Ne4 Nxe4 17. Bxe4 Rb8 18. Qc2 f5 19. Bf3 Qc7 20. Bd5+ Be6 21. Bxe6+ Rxe6 22. c4 e4 23. Bc3 Bd4 24. b3 Qe5 25. Rac1 Bxc3 26. Qxc3 Qxc3 27. Rxc3 Rd6 28. Rc2 Rd3 29. Kf1 Rd4 30. Ke2 f4 31. Rd1 a5 32. Rcd2 Rbd8 33. g3 g5 34. gxf4 Rxd2+ 35. Rxd2 Rxd2+ 36. Kxd2 gxf4 37. a3 Kf7 38. Kc3 Ke6 39. b4 cxb4+ 40. axb4 axb4+ 41. Kxb4 e3 42. fxe3 f3   {White resigns} 0-1

[Event "Team 45 45 League T25"]
[Site "Free Internet Chess Server"]
[Date "PST.01.0"]
[Round "3"]
[White "Louro"]
[Black "RobertKaucher"]
[Result "1-0"]
[WhiteElo "1828"]
[BlackElo "1690"]
[TimeControl "2700+45"]

1. e4 c5 2. Nf3 d6 3. d4 cxd4 4. Nxd4 Nf6 5. Nc3 a6 6. Be2 e5 7. Nb3 Be7 8. O-O O-O 9. f4 Nbd7 10. a4 b6 11. Be3 Bb7 12. Bf3 exf4 13. Bxf4 Ne5 14. Qe2 Nxf3+ 15. Qxf3 Qd7 16. Rad1 Rfe8 17. Qd3 Rac8 18. Bxd6 Nxe4 19. Nxe4 Bxe4 20. Qxe4 Bxd6 21. Qf3 Re7 22. Rf2 Rc4 23. Rfd2 Re6 24. Qa8+ Rc8 25. Qxa6 Rb8 26. a5 Qc8 27. Qxc8+ Rxc8 28. Rxd6   {Black resigns} 1-0